 Dungeon Crawl Stone Soup version 0.20-a0-1034-gb277f92 (webtiles) character file.

774 Ichigo the Insei (level 7, -30/34 HPs)
             Began as a Vine Stalker Warper on Apr 22, 2017.
             Was a Follower of Cheibriados.
             Annihilated by a very large slime creature (40 damage)
             ... on level 5 of the Dungeon.
             The game lasted 00:07:33 (5080 turns).

Ichigo the Insei (Vine Stalker Warper)              Turns: 5080, Time: 00:07:34

Health: -30/34     AC:  6    Str: 16    XL:     7   Next: 84%
Magic:  0/11       EV: 14    Int: 21    God:    Cheibriados [*.....]
Gold:   194        SH:  0    Dex: 17    Spells: 8/10 levels left

rFire    . . .     SeeInvis +     - Unarmed
rCold    . . .     Gourm    .   (no shield)
rNeg     . . .     Faith    .   y - +0 leather armour of Midwinter {+Blink SInv}
rPois    .         Spirit   +   (no helmet)
rElec    .         Reflect  .   o - +0 cloak
rCorr    .         Harm     .   (no gloves)
MR       .....                  q - +1 pair of boots
Stlth    +.........             (no amulet)
Regen    0.6/turn               u - +2 ring of evasion
MPRegen  0.2/turn               x - +3 ring of intelligence

@: very slow
A: fangs 2, regeneration 1, magic shield, antimagic bite, no potion heal 3, rot
immunity
a: Bend Time, Renounce Religion, Evoke Blink


You were on level 5 of the Dungeon.
You worshipped Cheibriados.
Cheibriados was aware of your devotion.
You were not hungry.

You visited 2 branches of the dungeon, and saw 7 of its levels.

You collected 194 gold pieces.

Inventory:

Missiles
 d - 5 tomahawks of dispersal (quivered)
 F - 3 tomahawks
Armour
 a - a +0 leather armour
 o - a +0 cloak (worn)
 q - a +1 pair of boots (worn)
 y - the +0 leather armour of Midwinter (worn) {+Blink SInv}
   (You found it on level 4 of the Dungeon)

   It lets you see invisible.
   It lets you blink.
Jewellery
 u - a +2 ring of evasion (left hand)
 x - a +3 ring of intelligence (right hand)
Wands
 D - a wand of digging (8/24)
Scrolls
 c - 2 scrolls of blinking
 g - 2 scrolls of remove curse {unknown}
 h - 5 scrolls of identify {unknown}
 l - 4 scrolls of fog {unknown}
 n - a scroll of immolation {unknown}
 r - a scroll of random uselessness {unknown}
 s - a scroll of teleportation {unknown}
 t - 2 scrolls of noise {unknown}
 v - 2 scrolls of recharging {unknown}
 w - a scroll of enchant armour {unknown}
 B - a scroll of enchant weapon {unknown}
Potions
 e - 2 potions of haste
 k - a potion of magic {unknown}
 m - a potion of degeneration {unknown}
 p - a potion of heal wounds {unknown}
 z - a potion of curing {unknown}
 E - a potion of lignification {unknown}
 H - a potion of brilliance {unknown}
Books
 b - a book of Spatial Translocations

   Spells                             Type                      Level
   a - Blink                          Translocation                2
   b - Shroud of Golubria             Charms/Translocation         2
   c - Lesser Beckoning               Translocation                3
   d - Gell's Gravitas                Translocation                3
   e - Teleport Other                 Translocation                3
   f - Passage of Golubria            Translocation                4
 C - a book of Misfortune

   Spells                             Type                      Level
   a - Confusing Touch                Hexes                        1
   b - Confuse                        Hexes                        3
   c - Gell's Gravitas                Translocation                3
   d - Petrify                        Transmutation/Earth          4
   e - Metabolic Englaciation         Hexes/Ice                    5
   f - Yara's Violent Unravelling     Hexes/Transmutation          5
 G - a book of Callings

   Spells                             Type                      Level
   a - Summon Small Mammal            Summoning                    1
   b - Call Imp                       Summoning                    2
   c - Call Canine Familiar           Summoning                    3
   d - Summon Guardian Golem          Hexes/Summoning              3
   e - Summon Lightning Spire         Summoning/Air                4
   f - Summon Ice Beast               Ice/Summoning                4
Comestibles
 f - 5 bread rations
 i - 2 meat rations
 j - 3 royal jellies
 A - 5 chunks of flesh


   Skills:
 - Level 1.7 Fighting
 - Level 0.8 Throwing
 - Level 0.7 Armour
 - Level 1.5 Dodging
 - Level 6.0 Unarmed Combat
 - Level 2.1 Spellcasting
 - Level 5.1 Charms
 + Level 4.2 Translocations


You had 8 spell levels left.
You knew the following spells:

 Your Spells              Type           Power        Failure   Level  Hunger
a - Shroud of Golubria    Chrm/Tloc      ###.......   3%          2    ##.....


Dungeon Overview and Level Annotations

Branches:
Dungeon (6/15)             Temple (1/1) D:4

Altars:
Ashenzari
Cheibriados
Dithmenos
Elyvilon
Fedhas
Gozag
Hepliaklqana
Kikubaaqudgha
Makhleb
Nemelex Xobeh
Okawaru
Qazlal
Ru
Sif Muna
Trog
Uskayaw
Vehumet
Wu Jian
Xom
Yredelemnul
Zin
The Shining One


Innate Abilities, Weirdness & Mutations

You have extremely sharp teeth.
Your natural rate of healing is unusually fast.
When hurt, damage is shared between your health and your magic reserves.
Your bite disrupts and absorbs the magic of your enemies.
Potions cannot restore your health.
You are immune to rotting.


Message History

The large slime creature hits you!!
* * * LOW HITPOINT WARNING * * *
Your shroud falls apart!
Casting: Shroud of Golubria
Confirm with . or Enter, or press ? or * to list all spells.
Space distorts slightly along a thin shroud covering your body.
Two slime creatures merge to form a very large slime creature.
You punch the very large slime creature!
You bite the very large slime creature, but do no damage.
The very large slime creature is moderately wounded.
The very large slime creature barely misses you.
You punch the very large slime creature!
You bite the very large slime creature, but do no damage.
The very large slime creature is moderately wounded.
The very large slime creature barely misses you.
You hit the very large slime creature.
The very large slime creature is moderately wounded.
The very large slime creature hits you!!!
Ouch! That really hurt!
You die...

#########
##)(...##
#.......#
#.......#
#.......#
###
#.......#
..#
#...(####
#.#
#....'..##
#.##
########.#
#..#
##JJ@...##
##.#
#J#######
##'########
#.....J...
#.........#
#.J..÷.J..
+.........#
#JJ....÷J.
#.........#
#÷......÷J
#.........#
#.........
#.........#
#.÷.÷....(
#......)..#
##########


You could see a very large slime creature, a jelly and an ooze.

Vanquished Creatures
  A centaur (D:5)
  2 big kobolds (D:5)
  A scorpion (D:5)
  A crimson imp (D:5)
  A bullfrog zombie (D:6)
  A jelly (D:4)
  A hound (D:3)
  Crazy Yiuf (D:5)
  2 orc wizards (D:6)
  4 worker ants
  A mummy (D:5)
  2 gnolls
  5 adders
  An adder skeleton (D:4)
  4 worms
  3 dart slugs (D:1)
  6 leopard geckos
  3 orcs
  A ball python (D:1)
  7 bats
  5 giant cockroaches
  10 hobgoblins
  8 jackals
  10 kobolds
  2 quokkas
  3 frilled lizards
  10 goblins
  A jackal skeleton (D:4)
  A quokka zombie (D:5)
  7 rats
105 creatures vanquished.

Vanquished Creatures (others)
  11 fungi (D:5)
  6 toadstools (D:5)
17 creatures vanquished.

Grand Total: 122 creatures vanquished

Notes
Turn   | Place    | Note
-------+----------+-------------------------------------------
     0 | D:1      | Ichigo the Vine Stalker Warper began the quest for the Orb.
     0 | D:1      | Reached XP level 1. HP: 11/11 MP: 4/4
   317 | D:1      | Reached XP level 2. HP: 4/15 MP: 4/6
   628 | D:1      | Reached skill level 3 in Unarmed Combat
  1072 | D:1      | Reached XP level 3. HP: 18/18 MP: 5/7
  1719 | D:2      | Reached skill level 4 in Unarmed Combat
  2159 | D:2      | Found a hide-covered altar of Uskayaw.
  2240 | D:2      | Gained mutation: Your natural rate of healing is unusually fast. [Vine Stalker growth]
  2240 | D:2      | Reached XP level 4. HP: 21/23 MP: 6/8
  2850 | D:3      | Reached skill level 5 in Unarmed Combat
  2850 | D:3      | Reached XP level 5. HP: 20/26 MP: 4/9
  3437 | D:4      | Got a faintly glowing leather armour
  3506 | D:4      | Reached skill level 6 in Unarmed Combat
  3536 | D:4      | Reached XP level 6. HP: 26/30 MP: 10/10
  3540 | D:4      | Learned a level 2 spell: Shroud of Golubria
  3692 | D:4      | Reached skill level 1 in Charms
  3843 | D:4      | Found a staircase to the Ecumenical Temple.
  3862 | Temple   | Entered the Ecumenical Temple
  3869 | Temple   | Became a worshipper of Cheibriados the Contemplative
  4140 | D:5      | Entered Level 5 of the Dungeon
  4276 | D:5      | Found a runed door.
  4281 | D:5      | Noticed Crazy Yiuf
  4297 | D:5      | Killed Crazy Yiuf
  4312 | D:5      | Identified the +0 leather armour of Midwinter {+Blink SInv} (You found it on level 4 of the Dungeon)
  4518 | D:6      | Reached XP level 7. HP: 31/34 MP: 11/11
  4649 | D:5      | Reached * piety under Cheibriados
  4942 | D:5      | Reached skill level 5 in Charms
  5057 | D:5      | Noticed a slime creature
  5057 | D:5      | Noticed a slime creature
  5057 | D:5      | Noticed a slime creature
  5080 | D:5      | Annihilated by a very large slime creature

Vault maps used:
D:1:      dpeg_arrival_rooms_with_view, minmay_quantized
D:2:      lemuel_crystal_altar
D:3:      first_bread, minmay_cut_off
D:4:      minmay_temple_entry_mist, gup_sewer_entry_pipe,
          roderic_serpentine_path, due_unseen_surprise
D:5:      cheibrodos_fertilizer, gup_ossuary_entry_pyramid,
          uniq_crazy_yiuf_cottage
Temple:   dpeg_three_leaves_temple

Skill      XL: |  1  2  3  4  5  6  7 |
---------------+----------------------+-----
Unarmed Combat | 3 4 5 6 |  6.0
Charms         | 3 5 |  5.1
Translocations | 4 |  4.2
Fighting       | |  1.7
Throwing       | |  0.8
Armour         | |  0.7
Dodging        | |  1.5
Spellcasting   | |  2.1

Action                   |  1- 3 |  4- 6 |  7- 9 || total
-------------------------+-------+-------+-------++-------
Melee: Unarmed           |   138 |   198 |   110 ||   446
       Bite              |    48 |    52 |    37 ||   137
       Punch             |     2 |     3 |     3 ||     8
 Cast: Shroud of Golubri |       |       |     5 ||     5
  Use: Potion            |       |     1 |       ||     1
 Stab: Sleeping          |       |     1 |     1 ||     2
  Eat: Chunk             |     4 |     7 |     2 ||    13
Armor: Leather armour    |    35 |    40 |    27 ||   102
Dodge: Dodged            |    90 |   113 |   138 ||   341
